AoeStats
← MrStormyZ

QS Arena

503099679Analyzed
2v2 RM · 1mo ago on Aug 30, 2026· 21m 26s· 4 players
Game mode
Random Map
Map size
Medium (4 player)
Population
200
Speed
Normal
Resources
Standard
Victory
Conquest
Starting age
Dark Age
Ending age
Imperial Age
RankedLock teamsTeams togetherTeam positionsShared explorationLock speedFull tech treeHidden civsTurbo modeCheats
Victory
Defeat
🇬🇪 Italians · Georgia
922
+17
922
+17
🇷🇺 Persians · Russia
1047
-31
🇮🇳 Hindustanis · India
842
-12
erovich.melkor
9:51 Feudal Age
8:07 Loom
14:10 Castle Age
12:27 Horse Collar
12:45 Double-Bit Axe
13:25 Fletching
16:00 Heavy Plow
Экзит Венчурович
9:30 Feudal Age
12:52 Castle Age
11:15 Double-Bit Axe
11:14 Horse Collar
16:10 Bloodlines
21:51 Husbandry
MrStormyZ
2:52 Loom
8:54 Feudal Age
10:15 Wheelbarrow
9:30 Double-Bit Axe
9:27 Horse Collar
9:52 Gold Mining
11:59 Town Watch
18:10 Castle Age
16:45 Stone Mining
19:52 Hand Cart
20:13 Bow Saw
Arshia Aghaei
5:45 Loom
9:39 Feudal Age
16:05 Castle Age
14:21 Double-Bit Axe
14:20 Horse Collar
16:49 Fletching
17:07 Scale Barding Armor
17:15 Forging
20:23 Scale Barding Armor
21:17 Bloodlines
Connection lost

Rejoining the realm…

Still unreachable

The connection could not be restored.

Session expired

The server has moved on; the page needs a fresh start.